 Dungeon Crawl Stone Soup version 0.16.2-2-g470672f (webtiles) character file.

25102 Miyamura the Fighter (level 12, -12/106 HPs)
             Began as a Black Draconian Venom Mage on Aug 29, 2015.
             Was a High Priest of Vehumet.
             Mangled by an orc knight
             ... wielding a +0 war axe
              (23 damage)
             ... on level 4 of the Orcish Mines on Sept 1, 2015.
             The game lasted 01:19:00 (17425 turns).

Miyamura the Fighter (Black Draconian Venom Mage)  Turns: 17425, Time: 01:19:00

Health: -12/106    AC: 13    Str: 15    XL:     12   Next: 86%
Magic:  12/38      EV: 17    Int: 19    God:    Vehumet [*****.]
Gold:   797        SH:  0    Dex: 14    Spells: 7 memorised, 6 levels left

rFire  . . .     SeeInvis +     V - +9 rapier "Imemeod" {flame, +Inv rN+ Dex+3}
rCold  . . .     Clarity  .     (armour unavailable)
rNeg   + . .     SustAb   .     (no shield)
rPois  +         Gourm    .     (helmet restricted)
rElec  +         Spirit   .     (no cloak)
rCorr  .         Warding  .     f - +2 pair of gloves
rMut   .         Stasis   .     y - +1 pair of boots
MR     .....                    x - amulet of regeneration
Stlth  ++........               a - ring of see invisible
                                h - ring of magical power

@: short of breath, starving, drained, not resistant to hostile enchantments,
unstealthy
A: breathe lightning, unfitting armour, antennae 1, deformed body, poison
resistance, electricity resistance, strong 1, cold-blooded, AC +8
a: Breathe Lightning, Renounce Religion, Evoke Invisibility


You were on level 4 of the Orcish Mines.
You worshipped Vehumet.
Vehumet was extremely pleased with you.
You were starving.

You visited 3 branches of the dungeon, and saw 17 of its levels.

You collected 1332 gold pieces.
You spent 535 gold pieces at shops.

Inventory:

Hand weapons
 P - a +2 long sword of protection
 V - the +9 rapier "Imemeod" (weapon) {flame, +Inv rN+ Dex+3}
   (You bought it in a shop on level 1 of the Orcish Mines)

   It has been specially enchanted to burn those struck by it, causing extra
   injury to most foes and up to half again as much damage against particularly
   susceptible opponents.
   It affects your dexterity (+3).
   It protects you from negative energy.
   It lets you turn invisible.
Missiles
 n - 2 throwing nets (quivered)
Armour
 f - a +2 pair of gloves (worn)
 i - a +0 shield
 y - a +1 pair of boots (worn)
Jewellery
 a - a ring of see invisible (right hand)
 h - a ring of magical power (left hand)
 x - an amulet of regeneration (around neck)
 z - an uncursed amulet of faith
 M - an uncursed ring of teleportation
 O - an uncursed ring of protection from fire
 S - an uncursed ring of ice
Magical devices
 s - a wand of disintegration (3)
 v - a wand of confusion (16)
 R - a wand of random effects (18)
Scrolls
 e - 2 scrolls of magic mapping
 j - 4 scrolls of remove curse
 t - 2 scrolls of vulnerability
 B - 3 scrolls of enchant weapon
 G - 2 scrolls of amnesia
 J - 2 scrolls of teleportation
 L - a scroll of recharging
 U - 2 scrolls of identify
Potions
 d - a potion of decay {unknown}
 g - a potion of brilliance
 l - 2 potions of curing
 o - a potion of lignification {unknown}
 q - a potion of resistance
 r - a potion of degeneration {unknown}
 C - 2 potions of ambrosia
 D - a potion of haste {unknown}
 E - a potion of agility
 F - a potion of berserk rage {unknown}
 H - a potion of poison {unknown}
 I - a potion of invisibility
 N - a potion of restore abilities
Books
 b - a Young Poisoner's Handbook

   Spells                             Type                      Level
   a - Sting                          Conjuration/Poison           1
   b - Cure Poison                    Poison                       2
   c - Mephitic Cloud                 Conjuration/Poison/Air       3
   d - Olgreb's Toxic Radiance        Poison                       4
   e - Venom Bolt                     Conjuration/Poison           5
 K - a book of Beasts

   Spells                             Type                      Level
   a - Summon Butterflies             Summoning                    1
   b - Call Canine Familiar           Summoning                    3
   c - Summon Ice Beast               Ice/Summoning                4
   d - Summon Mana Viper              Hexes/Summoning              5
   e - Monstrous Menagerie            Summoning                    6
   f - Summon Hydra                   Summoning                    7
Comestibles
 c - 12 bread rations
 k - 5 chunks of flesh
 m - 3 fruits
 p - 2 slices of pizza
 u - 2 beef jerkies
 w - 2 meat rations


   Skills:
 + Level 10.2(10.1) Fighting
 + Level 3.9(3.8) Short Blades
 + Level 8.7(8.6) Dodging
 - Level 4.0(3.9) Stealth
 + Level 9.0(8.9) Spellcasting
 - Level 5.9(5.8) Conjurations
 - Level 9.0(8.9) Air Magic
 - Level 8.0(7.9) Poison Magic
 + Level 8.1 Evocations


You had 6 spell levels left.
You knew the following spells:

 Your Spells              Type           Power        Failure   Level  Hunger
a - Sting                 Conj/Pois      ####         1%          1    None
b - Venom Bolt            Conj/Pois      ####......   4%          5    #####..
c - Mephitic Cloud        Conj/Pois/Air  #####...     1%          3    None
d - Static Discharge      Conj/Air       #####...     1%          3    None
l - Lightning Bolt        Conj/Air       #####.....   3%          5    #####..
s - Sticky Flame          Conj/Fire      ###.....     8%          4    ###....
C - Cure Poison           Pois           #####.....   1%          2    None


Dungeon Overview and Level Annotations

Branches:
Dungeon (12/15)            Temple (1/1) D:5            Lair (0/8) D:8
    Orc (4/4) D:9
    Elf: Orc:3-4

Altars:
Ashenzari
Cheibriados
Dithmenos
Elyvilon
Fedhas
Gozag
Kikubaaqudgha
Makhleb
Nemelex Xobeh
Okawaru
Qazlal
Ru
Sif Muna
Trog
Vehumet
Xom
Yredelemnul
Zin
The Shining One
Beogh

Shops:
D:4 [   Orc:1 (


Innate Abilities, Weirdness & Mutations

You can breathe wild blasts of lightning.
Your glossy black scales are hard (AC +8).
Your body does not fit into most forms of armour.
You are resistant to electric shocks.
Your cold-blooded metabolism reacts poorly to cold.
You have a pair of small antennae on your head.
Your body is misshapen.
Your system is resistant to poisons.
Your muscles are strong. (Str +2)


Message History

* * * LOW HITPOINT WARNING * * *
Casting: Lightning Bolt
Confirm with . or Enter, or press ? or * to list all spells.
Aiming: Venom Bolt
Press: ? - help, Shift-Dir - straight line, f/p - orc knight
Aim: an orc knight, wielding a war axe and wearing a plate armour (almost dead, poisoned)
The bolt of poison misses the orc knight.
You are starving!
The orc knight hits you with a war axe!!
* * * LOW HITPOINT WARNING * * *
Drink which item? (? for menu, Esc to quit)
Okay, then.
Read which item? (? for menu, Esc to quit)
Okay, then.
Drink which item? (? for menu, Esc to quit)
You feel better.
The orc knight roars a battlecry!
The orc goes into a battle-frenzy!
The orc knight hits you with a war axe!!
You die...

##..............##.
####...#####..####
...#8.8# #### . ...##'##
### ##+###'###. ###.#
.......#.. ###..##
#....#.# #.#..##
#..#....#.# ###....#
#..'))o@..# #.# #....#
#..#o####)#####.####.#..
#.)........###..
#))...####.####.
#).⌠.)#..#....'.
#.####..)))#..'.####.
#....).))))#..#)#####
####.#####)####)#).##
... #.)).))'..#


You could see an orc knight and an orc (frenzied).

Vanquished Creatures
  An ettin (D:12)
  Fannar (D:11)
  An orc high priest (Orc:3)
  Urug (Orc:3)
  An unseen horror (D:11)
  3 hill giants
  An orc knight (Orc:3)
  A wolf spider (D:12)
  2 orc sorcerers
  2 cyclopes (D:11)
  An ugly thing (D:11)
  3 centaur zombies
  2 manticores (D:11)
  5 trolls
  3 two-headed ogres
  2 slime creatures (D:11)
  A trapdoor spider (D:7)
  A shadow (D:11)
  A wyvern (D:9)
  A vampire (D:12)
  8 yaks
  A deep elf mage (D:11)
  A steam dragon (D:11)
  3 hippogriffs
  2 hungry ghosts
  6 wargs
  A phantom (D:11)
  A water moccasin (D:11)
  31 orc warriors
  2 eyes of draining (D:6)
  An ice beast (D:8)
  4 sky beasts
  2 black bears
  A necrophage (D:11)
  10 centaurs
  11 ogres
  3 big kobolds
  7 giant frogs
  A gnoll sergeant (D:7)
  12 killer bees
  5 scorpions
  14 wights
  An electric eel (D:12)
  3 goliath beetles
  A crimson imp (D:8)
  A giant frog zombie (D:12)
  3 centaur skeletons
  23 orc priests
  3 jellies
  7 hounds
  18 orc wizards
  3 giant frog skeletons
  2 quasits
  7 worker ants
  3 iguanas
  A hound skeleton (D:6)
  8 gnolls
  10 adders
  3 shadow imps
  A giant mite (D:3)
  3 worms
  An adder skeleton (D:9)
  An orc skeleton (D:6)
  12 giant geckos
  183 orcs
  2 ball pythons (D:2)
  2 bat skeletons
  26 hobgoblins
  6 jackals
  29 kobolds
  2 quokkas
  18 bats
  2 giant cockroaches
  A giant newt (D:3)
  A giant spore (D:11)
  25 goblins
  A quokka skeleton (D:9)
  12 rats
586 creatures vanquished.

Vanquished Creatures (others)
  A giant spore (D:11)
  A ballistomycete (D:11)
  A plant (D:12)
3 creatures vanquished.

Grand Total: 589 creatures vanquished

Notes
Turn   | Place    | Note
--------------------------------------------------------------
     0 | D:1      | Miyamura, the Draconian Venom Mage, began the quest for the Orb.
     0 | D:1      | Reached XP level 1. HP: 14/14 MP: 3/3
   300 | D:1      | Reached XP level 2. HP: 20/20 MP: 2/4
   715 | D:2      | Found a basalt altar of Yredelemnul.
   925 | D:2      | Reached XP level 3. HP: 15/27 MP: 0/6
  1007 | D:2      | Learned a level 2 spell: Cure Poison
  1527 | D:2      | Found an iron altar of Okawaru.
  1841 | D:3      | Reached skill level 1 in Fighting
  1870 | D:3      | Reached XP level 4. HP: 35/35 MP: 8/8
  1890 | D:3      | Learned a level 3 spell: Mephitic Cloud
  3072 | D:4      | Found Egiluph's Armour Shop.
  3083 | D:4      | Bought a +0 pair of boots for 45 gold pieces
  3248 | D:4      | Reached XP level 5. HP: 40/40 MP: 9/9
  3962 | D:4      | Found a shadowy altar of Dithmenos.
  4134 | D:4      | Noticed a phantom
  4399 | D:5      | Entered Level 5 of the Dungeon
  4399 | D:5      | Noticed a phantom
  4700 | D:5      | Reached XP level 6. HP: 48/48 MP: 8/12
  4704 | D:5      | Reached skill level 5 in Poison Magic
  4729 | D:5      | Found a staircase to the Ecumenical Temple.
  4739 | Temple   | Entered the Ecumenical Temple
  5151 | D:5      | Found a burning altar of Makhleb.
  5191 | D:5      | Found a stormy altar of Qazlal.
  5443 | D:5      | Your scales start taking on a glossy black colour.
  5443 | D:5      | Gained mutation: You are resistant to electric shocks. [draconian maturity]
  5443 | D:5      | Reached XP level 7. HP: 56/56 MP: 13/15
  5491 | D:5      | Noticed a centaur
  5504 | D:5      | Killed a centaur
  5552 | D:5      | Noticed an ogre
  5558 | D:5      | Killed an ogre
  5751 | Temple   | Became a worshipper of Vehumet
  6092 | D:6      | Reached skill level 1 in Air Magic
  6143 | D:6      | Found a bloodstained altar of Trog.
  6162 | D:6      | Reached skill level 6 in Poison Magic
  6162 | D:6      | Reached XP level 8. HP: 66/66 MP: 0/18
  6443 | D:5      | Acquired Vehumet's first power
  6443 | D:5      | Offered knowledge of Shock by Vehumet.
  6959 | D:7      | Reached skill level 5 in Fighting
  6990 | D:6      | Reached skill level 5 in Spellcasting
  7097 | D:7      | Reached XP level 9. HP: 72/74 MP: 21/21
  7226 | D:7      | Offered knowledge of Searing Ray by Vehumet.
  7262 | D:7      | Reached skill level 5 in Dodging
  7262 | D:7      | Reached skill level 7 in Poison Magic
  8142 | D:8      | Found a staircase to the Lair.
  8191 | D:8      | Reached skill level 5 in Air Magic
  8373 | D:8      | Found an opulent altar of Gozag.
  8401 | D:8      | Offered knowledge of Inner Flame by Vehumet.
  8958 | D:8      | Reached skill level 8 in Poison Magic
  9010 | D:8      | Acquired Vehumet's second power
  9113 | D:8      | Reached XP level 10. HP: 68/84 MP: 24/24
  9211 | D:8      | Reached skill level 1 in Conjurations
  9226 | D:8      | Reached skill level 1 in Evocations
  9485 | D:8      | Gained mutation: Your muscles are strong. (Str +2) [mutagenic meat]
  9486 | D:8      | Gained mutation: Your body is misshapen. [mutagenic meat]
  9501 | D:8      | Found a glowing silver altar of Zin.
  9593 | D:8      | Offered knowledge of Fulminant Prism by Vehumet.
  9706 | D:9      | Found a staircase to the Orcish Mines.
  9784 | D:9      | Learned a level 5 spell: Venom Bolt
  9859 | D:9      | Found a sacrificial altar of Ru.
 10146 | D:9      | Acquired Vehumet's third power
 10149 | D:9      | Offered knowledge of Static Discharge by Vehumet.
 10807 | D:10     | Entered Level 10 of the Dungeon
 10891 | D:9      | Learned a level 3 spell: Static Discharge
 11025 | D:10     | Gained mutation: You have a pair of small antennae on your head. [mutagenic meat]
 11323 | D:10     | Noticed a hill giant
 11331 | D:10     | Killed a hill giant
 11374 | D:10     | Reached XP level 11. HP: 45/94 MP: 19/26
 12126 | D:11     | Noticed Fannar
 12152 | D:11     | Killed Fannar
 12368 | D:11     | Reached skill level 5 in Evocations
 12550 | D:11     | Noticed a hill giant
 12554 | D:11     | Killed a hill giant
 12574 | D:11     | Noticed a hill giant
 12578 | D:11     | Killed a hill giant
 12633 | D:11     | Offered knowledge of Sticky Flame by Vehumet.
 12639 | D:11     | Learned a level 4 spell: Sticky Flame
 12795 | D:11     | Gained mutation: Your system is resistant to poisons. [mutagenic meat]
 12953 | D:11     | Reached skill level 5 in Conjurations
 13131 | D:11     | Noticed an unseen horror
 13146 | D:11     | Killed an unseen horror
 13232 | D:12     | Noticed a four-headed hydra
 13337 | D:12     | Reached skill level 9 in Fighting
 13401 | D:12     | Noticed a lindwurm
 13406 | D:12     | Noticed an ettin
 13428 | D:12     | Killed an ettin
 13428 | D:12     | Reached XP level 12. HP: 80/104 MP: 14/28
 13490 | D:12     | Noticed a yaktaur captain
 14077 | Orc:1    | Entered Level 1 of the Orcish Mines
 14186 | Orc:1    | Found Gog Op Treuk's Antique Weapon Shoppe.
 14210 | Orc:1    | Bought a runed long sword for 70 gold pieces
 14210 | Orc:1    | Bought a runed rapier for 80 gold pieces
 14210 | Orc:1    | Bought a fine short sword for 160 gold pieces
 14210 | Orc:1    | Bought a bloodstained rapier for 180 gold pieces
 14210 | Orc:1    | Identified the cursed +1 short sword of Contention {pierce, rN+ MP+9 Str-5} (You bought it in a shop on level 1 of the Orcish Mines)
 14213 | Orc:1    | Identified the +9 rapier "Imemeod" {flame, +Inv rN+ Dex+3} (You bought it in a shop on level 1 of the Orcish Mines)
 14609 | Orc:2    | Reached skill level 1 in Short Blades
 15244 | Orc:1    | Found a roughly hewn altar of Beogh.
 15610 | Orc:3    | Noticed Urug
 15627 | Orc:3    | Killed Urug
 15960 | Orc:3    | Offered knowledge of Force Lance by Vehumet.
 16295 | Orc:3    | Found a roughly hewn altar of Beogh.
 16852 | Orc:4    | Entered Level 4 of the Orcish Mines
 17024 | Orc:4    | Reached skill level 10 in Fighting
 17300 | Orc:4    | Offered knowledge of Lightning Bolt by Vehumet.
 17343 | Orc:4    | Learned a level 5 spell: Lightning Bolt
 17424 | Orc:4    | HP: 3/106 [orc knight/war axe (18)]
 17425 | Orc:4    | Mangled by an orc knight

Action                   |  1- 3 |  4- 6 |  7- 9 | 10-12 || total
-------------------------+-------+-------+-------+-------++-------
Melee: Unarmed           |    44 |       |       |       ||    44
       Whip              |    61 |    78 |       |       ||   139
       Spear             |       |    77 |   528 |   701 ||  1306
       Rapier            |       |       |       |   349 ||   349
 Cast: Sting             |    36 |    47 |    40 |    27 ||   150
       Cure Poison       |     4 |     6 |     1 |     1 ||    12
       Mephitic Cloud    |       |     1 |     4 |     7 ||    12
       Venom Bolt        |       |       |       |    56 ||    56
       Static Discharge  |       |       |       |    60 ||    60
       Sticky Flame      |       |       |       |    21 ||    21
       Lightning Bolt    |       |       |       |     6 ||     6
 Abil: Breathe Lightning |       |       |    18 |    36 ||    54
       Evoke Invisibilit |       |       |       |     1 ||     1
Evoke: Wand              |       |       |     4 |       ||     4
  Use: Scroll            |     8 |     6 |     3 |     8 ||    25
       Potion            |       |       |     1 |     2 ||     3
 Stab: Sleeping          |       |     5 |     1 |     6 ||    12
       Confused          |       |       |     4 |     1 ||     5
       Distracted        |       |       |     2 |     1 ||     3
  Eat: Chunk             |     4 |    11 |    20 |    65 ||   100
       Royal jelly       |       |       |     1 |     1 ||     2
